Map: [ESL] Data-C

Players

Serral

  • Race: Zerg Zerg
  • League: Grandmaster
  • Spawn Location: 3:00

Reynor - Winner!

  • Race: Zerg Zerg
  • Spawn Location: 9:00

Event: TSL 9

VOD

Have the link to the VOD?

Description

Time

  • Played on: Sept. 3, 2022, 6:59 a.m.
  • Length: 8:48

All games in this series

Show
View Real Time Build Order
Export as new Build Order

Serral Zerg 

Build Orders: Hatch First 

Get SALT Encoding   

  12  0:00  Drone  
  13  0:12  Overlord  
  13  0:17  Drone  
  14  0:30  Drone x2  
  16  0:49  Hatchery  
  15  0:52  Drone  
  15  0:55  Drone  
  17  0:58  Drone  
  18  1:10  Extractor  
  17  1:14  Spawning Pool  
  17  1:17  Drone  
  17  1:20  Drone  
  18  1:27  Drone  
  19  1:38  Drone  
  20  1:49  Drone  
  21  2:00  Queen x2  
  25  2:01  Zergling x2  
  25  2:02  Overlord  
  26  2:11  Drone x2  
  26  2:13  Metabolic Boost  
  28  2:22  Drone x2  
  30  2:33  Zergling x2  
  30  2:34  Drone  
  32  2:40  Hatchery  
  32  2:43  Drone  
  32  2:47  Baneling Nest  
  32  2:50  Overlord  
  31  2:55  Drone  
  31  2:56  Drone  
  33  3:03  Queen  
  35  3:07  Zergling x2  
  35  3:11  Drone x2  
  35  3:12  Drone  
  39  3:17  Overlord  
  39  3:19  Zergling x2  
  40  3:21  Zergling x2  
  40  3:24  Drone  
  40  3:25  Drone  
  43  3:27  Drone  
  43  3:32  Evolution Chamber  
  43  3:33  Drone  
  44  3:36  Drone  
  46  3:41  Drone x3  
  46  3:44  Drone x2  
  46  3:48  Drone x2  
  52  3:52  Extractor, Overlord  
  51  3:58  Drone, Zerg Missile Weapons Level 1  
  52  4:03  Roach Warren  
  52  4:06  Drone  
  52  4:07  Drone  
  52  4:08  Drone  
  54  4:11  Drone x2  
  54  4:15  Overlord  
  54  4:16  Drone  
  57  4:19  Zergling x2  
  57  4:22  Overlord  
  57  4:23  Drone  
  57  4:24  Drone  
  59  4:29  Drone x3  
  59  4:31  Drone  
  63  4:32  Drone  
  63  4:36  Drone, Lair  
  65  4:40  Overlord  
  65  4:43  Drone x2  
  67  4:46  Drone x2  
  67  4:49  Drone x2, Extractor  
  67  4:50  Drone, Extractor  
  70  4:53  Extractor  
  70  4:54  Drone x2  
  70  4:55  Extractor  
  70  4:56  Overlord  
  69  5:00  Drone x2  
  69  5:02  Drone  
  69  5:03  Drone x2  
  74  5:09  Drone  
  75  5:15  Drone x2  
  75  5:20  Hatchery, Roach x2  
  79  5:22  Roach  
  79  5:23  Roach  
  79  5:24  Baneling  
  79  5:27  Spine Crawler  
  79  5:28  Roach x2  
  86  5:31  Roach x2  
  86  5:32  Baneling  
  90  5:36  Roach x2  
  90  5:40  Overlord  
  90  5:41  Roach  
  97  5:43  Overlord  
  97  5:45  Overlord  
  97  5:46  Overseer, Hatchery  
  96  5:52  Evolution Chamber  
  96  5:53  Drone, Zerg Missile Weapons Level 2  
  96  5:55  Overlord  
  96  5:56  Overlord  
  97  6:02  Roach x3  
  97  6:03  Glial Reconstitution  
  103  6:07  Pneumatized Carapace  
  103  6:15  Roach x5  
  113  6:22  Overlord  
  113  6:23  Zerg Ground Armor Level 1  
  112  6:25  Overlord  
  112  6:31  Overlord  
  112  6:32  Roach x3  
  118  6:33  Overseer  
  118  6:36  Queen x2  
  122  6:40  Drone  
  122  6:41  Infestation Pit  
  122  6:43  Drone x2  
  122  6:45  Drone  
  125  6:50  Roach x4  
  132  6:56  Queen  
  132  7:00  Ravager x2  
  144  7:01  Roach x4  
  144  7:07  Spore Crawler  
  143  7:09  Spore Crawler  
  143  7:10  Overlord  
  143  7:13  Roach x4  
  151  7:21  Drone x7  
  149  7:22  Drone  
  149  7:26  Ravager x2  
  149  7:29  Drone x2  
  153  7:30  Overlord x2  
  153  7:36  Roach  
  155  7:37  Spore Crawler, Roach  
  155  7:41  Overlord x2  
  156  7:47  Spore Crawler  
  156  7:48  Infestor  
  156  7:49  Infestor  
  159  7:53  Overlord  
  159  7:55  Drone  
  159  7:57  Drone  
  161  7:59  Drone x3  
  161  8:01  Overlord  
  161  8:02  Overlord  
  164  8:06  Roach x3  
  170  8:16  Drone  
  170  8:17  Roach x2  
  175  8:26  Roach x6  
Show
View Real Time Build Order
Export as new Build Order

Reynor Zerg - Winner!

Build Orders: Hatch First 

Get SALT Encoding   

  12  0:00  Drone  
  13  0:12  Overlord  
  13  0:17  Drone  
  14  0:30  Drone x2  
  16  0:48  Hatchery  
  15  0:51  Drone  
  15  0:55  Drone  
  17  0:58  Drone  
  18  1:10  Extractor  
  17  1:13  Spawning Pool  
  17  1:17  Drone  
  17  1:20  Drone  
  18  1:27  Drone  
  19  1:38  Drone  
  20  1:48  Drone  
  21  1:59  Overlord  
  21  2:00  Queen  
  21  2:01  Zergling x2, Queen  
  26  2:11  Drone x2, Metabolic Boost  
  28  2:21  Drone x2  
  30  2:35  Hatchery  
  30  2:36  Drone  
  30  2:39  Drone  
  31  2:45  Baneling Nest  
  31  2:47  Drone  
  31  2:49  Drone  
  32  2:53  Overlord  
  32  2:56  Drone  
  33  3:04  Drone x2  
  35  3:08  Drone  
  35  3:11  Drone x2  
  39  3:12  Zergling x2  
  39  3:13  Zergling x4  
  39  3:17  Overlord  
  41  3:23  Queen  
  41  3:26  Drone  
  44  3:31  Evolution Chamber  
  44  3:32  Drone  
  44  3:36  Drone  
  44  3:37  Drone  
  46  3:42  Drone  
  46  3:43  Overlord  
  46  3:45  Baneling  
  46  3:46  Drone x3  
  50  3:51  Zergling x4  
  50  3:52  Drone  
  50  3:53  Drone  
  54  3:57  Drone  
  54  3:58  Zerg Missile Weapons Level 1  
  54  4:02  Overlord  
  55  4:06  Drone  
  55  4:08  Extractor  
  55  4:10  Roach Warren  
  55  4:12  Drone x3  
  55  4:16  Drone x2  
  59  4:17  Drone  
  59  4:20  Drone  
  59  4:22  Overlord  
  61  4:25  Drone  
  61  4:29  Lair  
  62  4:31  Overlord  
  62  4:32  Extractor  
  62  4:35  Drone x2  
  62  4:37  Overlord  
  62  4:43  Drone x2  
  62  4:44  Overlord  
  64  4:48  Drone x2  
  64  4:49  Overlord  
  64  4:50  Extractor  
  64  4:51  Roach x3  
  71  4:53  Roach  
  71  4:56  Roach  
  71  4:58  Roach  
  76  5:00  Drone  
  76  5:01  Drone  
  76  5:06  Roach  
  80  5:07  Drone  
  80  5:12  Drone  
  80  5:13  Drone x3  
  85  5:14  Drone  
  85  5:20  Drone x3  
  85  5:21  Drone x2  
  91  5:23  Drone x2  
  91  5:24  Extractor x2  
  91  5:28  Glial Reconstitution, Roach  
  93  5:29  Overseer  
  93  5:33  Overlord  
  92  5:38  Drone x2  
  94  5:44  Drone  
  94  5:45  Hatchery, Spire  
  92  5:52  Zerg Missile Weapons Level 2  
  92  5:57  Roach x3  
  92  5:59  Roach  
  92  6:01  Overlord  
  92  6:02  Overlord  
  100  6:05  Roach x4  
  100  6:06  Drone x2  
  100  6:09  Roach  
  112  6:13  Overlord  
  112  6:14  Overseer  
  112  6:16  Roach x4  
  120  6:18  Overseer  
  120  6:20  Overlord  
  119  6:29  Roach x7  
  133  6:33  Overlord  
  133  6:37  Overlord  
  133  6:45  Drone x3  
  133  6:46  Drone  
  137  6:50  Overlord  
  137  6:53  Baneling x2  
  137  6:55  Drone x3  
  137  6:56  Mutalisk x3  
  137  6:57  Mutalisk x2  
  137  6:59  Queen  
  137  7:00  Roach, Extractor  
  153  7:02  Roach  
  153  7:05  Roach x2  
  153  7:06  Overlord  
  159  7:09  Pneumatized Carapace  
  159  7:12  Roach x2  
  159  7:13  Overlord  
  163  7:18  Overlord  
  162  7:25  Roach  
  162  7:26  Roach x6  
  176  7:32  Ravager x2  
  176  7:33  Drone x2  
  176  7:35  Drone x3  
  176  7:36  Extractor  
  182  7:41  Ravager x2  
  184  7:46  Roach x4  
  184  7:48  Drone x2  
  194  7:51  Roach x2  
  194  7:55  Roach x2  
  199  7:58  Hatchery  
  199  8:00  Overlord  
  198  8:07  Drone  
  198  8:10  Infestation Pit  
  197  8:23  Roach x2  
  196  8:29  Roach x2  
Tags
 
Add a new tag
Caveats
  • Supply blocks, unpowered buildings, or Contaminate may cause inaccurate times.
  • Supply counts are checked every 10 seconds.